Map: Altitude LE

Players

NORTHAMERICA

  • Race: Protoss Protoss
  • League: Grandmaster
  • Spawn Location: 1:00

llllllllllll - Winner!

  • Race: Protoss Protoss
  • League: Grandmaster
  • Spawn Location: 7:00

VOD

Have the link to the VOD?

Description

Time

  • Played on: Feb. 6, 2023, 12:57 a.m.
  • Length: 7:20
Show
View Real Time Build Order
Export as new Build Order

NORTHAMERICA Protoss 

Build Orders: 1 Gate Expand 

Get SALT Encoding   

  12  0:01  Probe  
  13  0:13  Probe  
  14  0:20  Pylon  
  14  0:25  Probe  
  15  0:38  Probe  
  15  0:39  Gateway  
  16  0:50  Probe  
  17  1:13  Nexus  
  17  1:26  Cybernetics Core  
  17  1:27  Probe  
  18  1:33  Assimilator  
  18  1:39  Probe  
  21  1:52  Assimilator  
  21  1:55  Probe  
  22  2:07  Pylon, Probe  
  21  2:12  Stalker (Chrono Boost)  
  23  2:26  Warp Gate  
  23  2:28  Probe (Chrono Boost)  
  23  2:29  Probe (Chrono Boost)  
  25  2:35  Stalker (Chrono Boost)  
  26  2:39  Probe (Chrono Boost)  
  26  2:40  Probe (Chrono Boost)  
  26  2:44  Probe (Chrono Boost)  
  29  3:00  Stalker  
  29  3:02  Shield Battery  
  30  3:06  Probe  
  30  3:09  Probe (Chrono Boost)  
  31  3:19  Probe (Chrono Boost)  
  32  3:21  Probe (Chrono Boost)  
  32  3:26  Shield Battery  
  33  3:29  Probe (Chrono Boost)  
  33  3:30  Probe (Chrono Boost)  
  33  3:34  Probe (Chrono Boost)  
  35  3:35  Probe (Chrono Boost)  
  35  3:39  Sentry  
  39  3:44  Probe  
  39  3:47  Probe (Chrono Boost)  
  41  3:51  Twilight Council  
  41  3:56  Probe (Chrono Boost)  
  43  4:04  Sentry  
  43  4:05  Probe (Chrono Boost)  
  43  4:07  Probe (Chrono Boost)  
  46  4:15  Nexus  
  46  4:23  Blink (Chrono Boost)  
  46  4:25  Pylon  
  46  4:40  Gateway  
  46  4:41  Gateway  
  46  4:43  Probe (Chrono Boost)  
  48  4:45  Sentry, Probe (Chrono Boost)  
  48  4:51  Gateway  
  50  4:55  Probe (Chrono Boost)  
  50  4:59  Probe (Chrono Boost)  
  52  5:00  Probe (Chrono Boost)  
  52  5:03  Pylon  
  53  5:07  Probe  
  53  5:10  Pylon  
  54  5:18  Assimilator  
  54  5:21  Probe x2  
  56  5:31  Gateway, Stalker  
  56  5:33  Gateway, Probe x3  
  61  5:39  Stalker  
  61  5:40  Stalker  
  65  5:45  Probe x3  
  65  5:47  Shield Battery  
  68  5:51  Robotics Facility  
  68  5:57  Probe  
  68  5:58  Probe  
  68  6:00  Probe  
  71  6:05  Pylon  
  71  6:06  Stalker x2  
  71  6:09  Probe  
  71  6:10  Probe  
  77  6:12  Probe  
  77  6:17  Forge  
  78  6:20  Stalker  
  78  6:21  Probe  
  78  6:22  Probe  
  82  6:25  Stalker  
  82  6:32  Shield Battery  
  83  6:33  Stalker x2  
  83  6:38  Pylon  
  83  6:39  Observer  
  86  6:48  Stalker x2  
  86  6:53  Zealot x2  
  86  6:55  Probe  
  79  7:02  Stalker x2  
  79  7:03  Probe  
  60  7:18  Stalker x3  
Show
View Real Time Build Order
Export as new Build Order

llllllllllll Protoss - Winner!

Build Orders:  

Get SALT Encoding   

  12  0:00  Probe  
  13  0:12  Probe  
  14  0:19  Pylon  
  14  0:24  Probe  
  15  0:37  Probe (Chrono Boost)  
  15  0:39  Gateway  
  16  0:46  Probe (Chrono Boost)  
  16  0:47  Assimilator  
  17  0:51  Probe  
  18  1:03  Probe  
  19  1:05  Pylon  
  19  1:15  Probe  
  20  1:24  Assimilator  
  20  1:26  Cybernetics Core  
  20  1:27  Zealot  
  20  1:29  Probe  
  23  1:41  Probe  
  23  1:44  Pylon  
  24  1:53  Probe  
  25  2:04  Nexus  
  25  2:08  Adept (Chrono Boost)  
  25  2:13  Warp Gate  
  27  2:16  Probe  
  28  2:25  Pylon  
  28  2:32  Stalker  
  30  2:42  Gateway  
  30  2:49  Shield Battery  
  29  2:59  Robotics Facility  
  28  3:06  Stalker  
  28  3:15  Probe (Chrono Boost)  
  28  3:18  Probe (Chrono Boost)  
  30  3:25  Probe (Chrono Boost)  
  31  3:29  Sentry  
  31  3:30  Probe (Chrono Boost)  
  31  3:32  Probe (Chrono Boost)  
  35  3:36  Sentry  
  37  3:42  Probe (Chrono Boost)  
  37  3:46  Twilight Council  
  39  3:49  Probe (Chrono Boost)  
  39  3:50  Probe (Chrono Boost)  
  40  3:56  Probe  
  40  3:57  Probe  
  46  4:02  Immortal  
  46  4:09  Pylon  
  46  4:14  Pylon  
  46  4:19  Blink (Chrono Boost)  
  46  4:24  Assimilator  
  46  4:27  Probe x2  
  46  4:30  Stalker  
  50  4:39  Pylon, Probe x2  
  50  4:42  Stalker  
  54  4:51  Probe x2  
  56  4:59  Immortal (Chrono Boost)  
  56  5:03  Probe x2  
  62  5:08  Pylon  
  62  5:16  Gateway  
  62  5:17  Gateway  
  62  5:20  Stalker  
  64  5:24  Stalker  
  66  5:29  Warp Prism (Chrono Boost)  
  68  5:41  Gateway  
  68  5:44  Gateway  
  68  5:51  Stalker x2  
  72  5:59  Observer  
  73  6:11  Stalker  
  75  6:13  Pylon x2  
  75  6:32  Stalker x3  
  81  6:35  Stalker x3  
  87  6:51  Stalker x2  
  85  6:56  Stalker x3  
  91  7:02  Stalker  
Tags
 
Add a new tag
Caveats
  • Supply blocks, unpowered buildings, or Contaminate may cause inaccurate times.
  • Supply counts are checked every 10 seconds.